PAA
SPRINGFIELD SHOOTERS @ SUN PRAIRIE SWALLOWS
08/06/2023
 
TOP OF THE 1ST
Springfield Shooters batting - Pitching for Sun Prairie Swallows : RHP Henry Yates
Pitching: RHP Henry Yates
Batting: SHB Albert Santos 0-0: Called Strike
0-1: Ground out 5-3 (Groundball, 56S)
Batting: RHB Michael Hicks 0-0: Ball
1-0: Ball
2-0: Ball
3-0: Base on Balls
Batting: SHB Jared Jefferson 0-0: Foul Ball, location: 2F
0-1: Ball
1-1: Called Strike
1-2: Ball
2-2: 2-RUN HOME RUN (Flyball, 89XD), Distance : 433 ft
Batting: RHB David Abreu 0-0: Swinging Strike
0-1: Reached on error, E1 (Groundball, 13)
Batting: RHB Ethan Miller 0-0: Foul Ball, location: 2F
0-1: Called Strike
David Abreu is caught stealing 3rd base
0-2: Strikes out swinging
Top of the 1st over - 2 run(s), 1 hit(s), 1 error(s), 0 left on base; Springfield 2 - Sun Prairie 0
BOTTOM OF THE 1ST
Sun Prairie Swallows batting - Pitching for Springfield Shooters : RHP Jim Unknown
Pitching: RHP Jim Unknown
Batting: RHB José Silva 0-0: Ball
1-0: Foul Ball, location: 2F
1-1: Fly out, F9 (Flyball, 9M)
Batting: RHB Matías Torrella 0-0: Called Strike
0-1: Ball
1-1: Ball
2-1: Swinging Strike
2-2: Fly out, F8 (Flyball, 8LM)
Batting: RHB Luis Tapia 0-0: Called Strike
0-1: Ball
1-1: SOLO HOME RUN (Flyball, 78XD), Distance : 431 ft
Batting: SHB Chris Murray 0-0: Ground out 4-3 (Groundball, 4S)
Bottom of the 1st over - 1 run(s), 1 hit(s), 0 error(s), 0 left on base; Springfield 2 - Sun Prairie 1
TOP OF THE 2ND
Springfield Shooters batting - Pitching for Sun Prairie Swallows : RHP Henry Yates
Batting: RHB Roy Herring 0-0: Ball
1-0: Ball
2-0: Ball
3-0: Base on Balls
Batting: RHB Randy Galloway 0-0: Ball
1-0: Swinging Strike
1-1: Ball
2-1: Foul Ball, location: 2F
2-2: Ball
3-2: SINGLE (Groundball, 5D)
Roy Herring to second
Batting: SHB Eugene Bentley 0-0: Ball
1-0: SINGLE (Groundball, 4S)
Roy Herring to third
Randy Galloway to second
Runner from 3rd tries for Home, SAFE, throw made home
Randy Galloway to third
Eugene Bentley to second
Batting: RHB Lee Charles 0-0: Ball
1-0: Ball
2-0: Ball
3-0: Base on Balls
Batting: SHB Albert Santos 0-0: Ball
1-0: Swinging Strike
1-1: Ball
2-1: Foul Ball, location: 2F
2-2: Strikes out looking
Batting: RHB Michael Hicks 0-0: SINGLE (Line Drive, 56)
Randy Galloway scores
Eugene Bentley to third
Lee Charles to second
Batting: SHB Jared Jefferson 0-0: Ball
1-0: Ball
2-0: Fly out, F6 (Popup, 6D)
Batting: RHB David Abreu 0-0: Ball
1-0: Called Strike
1-1: Foul Ball, location: 2F
1-2: Foul Ball, location: 2F
1-2: Ball
2-2: Strikes out swinging
Top of the 2nd over - 2 run(s), 3 hit(s), 0 error(s), 3 left on base; Springfield 4 - Sun Prairie 1
BOTTOM OF THE 2ND
Sun Prairie Swallows batting - Pitching for Springfield Shooters : RHP Jim Unknown
Batting: RHB Scott Forrest 0-0: Ground out 5-3 (Groundball, 5)
Batting: RHB Joel Frazier 0-0: Ball
1-0: Foul Ball, location: 2F
1-1: Foul Ball, location: 2F
1-2: Ball
2-2: Ground out 6-3 (Groundball, 6)
Batting: RHB Darby Carveth 0-0: Ball
1-0: Called Strike
1-1: Foul Ball, location: 2F
1-2: Ball
2-2: SINGLE (Line Drive, 7LS)
Batting: RHB Reece White 0-0: Foul Ball, location: 2F
0-1: Foul Ball, location: 2F
0-2: SINGLE (Groundball, 56D)
Darby Carveth to second
Batting: RHB Alfonso López 0-0: Ball
1-0: Ball
2-0: Fly out, F9 (Flyball, 89S)
Bottom of the 2nd over - 0 run(s), 2 hit(s), 0 error(s), 2 left on base; Springfield 4 - Sun Prairie 1
TOP OF THE 3RD
Springfield Shooters batting - Pitching for Sun Prairie Swallows : RHP Henry Yates
Batting: RHB Ethan Miller 0-0: Called Strike
0-1: Ball
1-1: Ball
2-1: Called Strike
2-2: Ground out 5-3 (Groundball, 5S)
Batting: RHB Roy Herring 0-0: Foul Ball, location: 2F
0-1: Called Strike
0-2: Ball
1-2: Ball
2-2: Strikes out swinging
Batting: RHB Randy Galloway 0-0: Ball
1-0: Called Strike
1-1: Ball
2-1: Ball
3-1: Swinging Strike
3-2: SOLO HOME RUN (Flyball, 89XD), Distance : 427 ft
Batting: SHB Eugene Bentley 0-0: Called Strike
0-1: Fly out, F9 (Line Drive, 9LM)
Top of the 3rd over - 1 run(s), 1 hit(s), 0 error(s), 0 left on base; Springfield 5 - Sun Prairie 1
BOTTOM OF THE 3RD
Sun Prairie Swallows batting - Pitching for Springfield Shooters : RHP Jim Unknown
Batting: RHB José Silva 0-0: Called Strike
0-1: Ball
1-1: Ground out 1-3 (Groundball, 23)
Batting: RHB Matías Torrella 0-0: Ball
1-0: Fly out, F7 (Line Drive, 7M)
Batting: RHB Luis Tapia 0-0: Ball
1-0: Called Strike
1-1: Ground out 5-3 (Groundball, 5)
Bottom of the 3rd over - 0 run(s), 0 hit(s), 0 error(s), 0 left on base; Springfield 5 - Sun Prairie 1
TOP OF THE 4TH
Springfield Shooters batting - Pitching for Sun Prairie Swallows : RHP Henry Yates
Now in RF: Bobby Moore
Batting: RHB Lee Charles 0-0: Ball
1-0: Ball
2-0: Called Strike
2-1: Ground out 6-3 (Groundball, 6)
Batting: SHB Albert Santos 0-0: Ball
1-0: Ball
2-0: Ball
3-0: Foul Ball, location: 2F
3-1: Called Strike
3-2: Base on Balls
Batting: RHB Michael Hicks 0-0: Ball
1-0: Fielders Choice at 2nd, 6-4 (Groundball, 6)
Batting: SHB Jared Jefferson 0-0: Foul Ball, location: 2F
0-1: Ball
1-1: Foul Ball, location: 2F
1-2: Ball
2-2: Foul Ball, location: 2F
2-2: Strikes out swinging
Top of the 4th over - 0 run(s), 0 hit(s), 0 error(s), 1 left on base; Springfield 5 - Sun Prairie 1
BOTTOM OF THE 4TH
Sun Prairie Swallows batting - Pitching for Springfield Shooters : RHP Jim Unknown
Batting: SHB Chris Murray 0-0: Swinging Strike
0-1: Ball
1-1: Ball
2-1: Swinging Strike
2-2: Ball
3-2: Ground out 6-3 (Groundball, 6)
Batting: RHB Scott Forrest 0-0: Called Strike
0-1: Ball
1-1: Called Strike
1-2: Strikes out swinging
Batting: RHB Joel Frazier 0-0: Called Strike
0-1: Ball
1-1: SINGLE (Groundball, 56D)
Batting: RHB Darby Carveth 0-0: SINGLE (Groundball, 6MD)
Joel Frazier to second
Runner from 2nd tries for 3rd, SAFE, throw made to third
Batting: RHB Reece White 0-0: Ground out 5-3 (Groundball, 56)
Bottom of the 4th over - 0 run(s), 2 hit(s), 0 error(s), 2 left on base; Springfield 5 - Sun Prairie 1
TOP OF THE 5TH
Springfield Shooters batting - Pitching for Sun Prairie Swallows : RHP Henry Yates
Batting: RHB David Abreu 0-0: Swinging Strike
0-1: DOUBLE (Groundball, 5L)
Batting: RHB Ethan Miller 0-0: Ball
1-0: Foul Ball, location: 2F
1-1: Called Strike
1-2: Fly out, F2 (Popup, 2LF)
Batting: RHB Roy Herring 0-0: Intentional Walk
Batting: RHB Randy Galloway 0-0: Foul Ball, location: 2F
0-1: Ball
1-1: Swinging Strike
1-2: Ball
2-2: Strikes out looking
Batting: SHB Eugene Bentley 0-0: Ball
1-0: Ball
2-0: Ball
3-0: Called Strike
3-1: Base on Balls
David Abreu to third
Roy Herring to second
Batting: RHB Lee Charles 0-0: Ground out 1-3 (Groundball, 25)
Top of the 5th over - 0 run(s), 1 hit(s), 0 error(s), 3 left on base; Springfield 5 - Sun Prairie 1
BOTTOM OF THE 5TH
Sun Prairie Swallows batting - Pitching for Springfield Shooters : RHP Jim Unknown
Batting: LHB Bobby Moore 0-0: Ball
1-0: Fly out, F7 (Flyball, 78S)
Batting: RHB José Silva 0-0: Ball
1-0: Ball
2-0: Foul Ball, location: 2F
2-1: Ball
3-1: Ground out 4-3 (Groundball, 4)
Batting: RHB Matías Torrella 0-0: Called Strike
0-1: Reached on error, E1 (Groundball, 25)
Batting: RHB Luis Tapia 0-0: Called Strike
0-1: Fly out, F7 (Flyball, 7D)
Bottom of the 5th over - 0 run(s), 0 hit(s), 1 error(s), 1 left on base; Springfield 5 - Sun Prairie 1
TOP OF THE 6TH
Springfield Shooters batting - Pitching for Sun Prairie Swallows : RHP Henry Yates
Batting: SHB Albert Santos 0-0: Swinging Strike
0-1: Ball
1-1: Swinging Strike
1-2: Strikes out swinging
Batting: RHB Michael Hicks 0-0: Called Strike
0-1: Ball
1-1: Ground out 5-3 (Groundball, 56)
Batting: SHB Jared Jefferson 0-0: Called Strike
0-1: Ball
1-1: Foul Ball, location: 2F
1-2: Ball
2-2: SOLO HOME RUN (Flyball, 9D), Distance : 410 ft
Batting: RHB David Abreu 0-0: Swinging Strike
0-1: Ball
1-1: Fly out, F7 (Flyball, 7LM)
Top of the 6th over - 1 run(s), 1 hit(s), 0 error(s), 0 left on base; Springfield 6 - Sun Prairie 1
BOTTOM OF THE 6TH
Sun Prairie Swallows batting - Pitching for Springfield Shooters : RHP Jim Unknown
Batting: SHB Chris Murray 0-0: Ball
1-0: Ball
2-0: Ball
3-0: Called Strike
3-1: Base on Balls
Batting: RHB Scott Forrest 0-0: Called Strike
0-1: DOUBLE (Flyball, 8LD)
Chris Murray to third
Batting: RHB Joel Frazier 0-0: Ball
1-0: Foul Ball, location: 2F
1-1: Swinging Strike
1-2: Foul Ball, location: 2F
1-2: Ball
2-2: Foul Ball, location: 2F
2-2: Fly out, F4 (Popup, 3D)
Batting: RHB Darby Carveth 0-0: Ball
1-0: Ball
2-0: Ball
3-0: Base on Balls
Batting: RHB Reece White 0-0: Foul Ball, location: 2F
0-1: Swinging Strike
0-2: SINGLE (Line Drive, 56D)
Chris Murray scores
Scott Forrest to third
Darby Carveth to second
Batting: LHB Bobby Moore 0-0: Ball
Wild Pitch!
Scott Forrest scores
Darby Carveth to third
Reece White to second
1-0: Foul Ball, location: 2F
1-1: Fly out, F5 (Popup, 5)
Batting: RHB José Silva 0-0: Foul Ball, location: 2F
0-1: Fly out, F4 (Line Drive, 34)
Bottom of the 6th over - 2 run(s), 2 hit(s), 0 error(s), 2 left on base; Springfield 6 - Sun Prairie 3
TOP OF THE 7TH
Springfield Shooters batting - Pitching for Sun Prairie Swallows : RHP Henry Yates
Pitching: RHP Il-gyung Kim
Batting: RHB Ethan Miller 0-0: Swinging Strike
0-1: Ground out 1-3 (Groundball, 15)
Batting: RHB Roy Herring 0-0: Ball
1-0: Foul Ball, location: 2F
1-1: Called Strike
1-2: Strikes out swinging
Batting: RHB Randy Galloway 0-0: Called Strike
0-1: Foul Ball, location: 2F
0-2: Strikes out swinging
Top of the 7th over - 0 run(s), 0 hit(s), 0 error(s), 0 left on base; Springfield 6 - Sun Prairie 3
BOTTOM OF THE 7TH
Sun Prairie Swallows batting - Pitching for Springfield Shooters : RHP Jim Unknown
Batting: RHB Matías Torrella 0-0: Ball
1-0: Swinging Strike
1-1: Foul Ball, location: 2F
1-2: Ball
2-2: Foul Ball, location: 2F
2-2: Ball
3-2: Strikes out swinging
Batting: RHB Luis Tapia 0-0: SINGLE (Groundball, 6D)
Batting: SHB Chris Murray 0-0: Ball
1-0: SINGLE (Line Drive, 7S)
Luis Tapia to second
Batting: RHB Scott Forrest 0-0: Swinging Strike
0-1: Swinging Strike
0-2: Ball
1-2: Strikes out swinging
Batting: RHB Joel Frazier 0-0: Ball
1-0: Ball
2-0: Foul Ball, location: 2F
2-1: Ball
3-1: Swinging Strike
3-2: Foul Ball, location: 2F
3-2: Strikes out swinging
Bottom of the 7th over - 0 run(s), 2 hit(s), 0 error(s), 2 left on base; Springfield 6 - Sun Prairie 3
TOP OF THE 8TH
Springfield Shooters batting - Pitching for Sun Prairie Swallows : RHP Il-gyung Kim
Batting: SHB Eugene Bentley 0-0: Swinging Strike
0-1: Ball
1-1: SINGLE (Flyball, 6MD)
Batting: RHB Lee Charles 0-0: Ball
1-0: Ball
2-0: Ball
3-0: Base on Balls
Eugene Bentley to second
Batting: SHB Albert Santos 0-0: Called Strike
0-1: Ball
1-1: Ball
2-1: Ball
3-1: Foul Ball, location: 2F
3-2: Foul Ball, location: 2F
3-2: Foul Ball, location: 2F
3-2: Base on Balls
Eugene Bentley to third
Lee Charles to second
Batting: RHB Michael Hicks 0-0: Swinging Strike
0-1: Called Strike
0-2: Ball
1-2: Hit by Pitch
Eugene Bentley scores
Lee Charles to third
Albert Santos to second
Batting: SHB Jared Jefferson 0-0: Ball
1-0: Ball
2-0: Ball
3-0: Base on Balls
Lee Charles scores
Albert Santos to third
Michael Hicks to second
Batting: RHB David Abreu 0-0: Called Strike
0-1: Called Strike
0-2: Grounds into double play, 4-6-3 (Groundball, 4)
Albert Santos scores
Michael Hicks to third
Pitching: RHP Clarence Lee
Batting: RHB Ethan Miller 0-0: Ball
1-0: Called Strike
1-1: Fly out, F8 (Flyball, 8LD)
Top of the 8th over - 3 run(s), 1 hit(s), 0 error(s), 1 left on base; Springfield 9 - Sun Prairie 3
BOTTOM OF THE 8TH
Sun Prairie Swallows batting - Pitching for Springfield Shooters : RHP Jim Unknown
Now in CF: Enrico Díaz
Batting: RHB Darby Carveth 0-0: Swinging Strike
0-1: Swinging Strike
0-2: Ball
1-2: Foul Ball, location: 2F
1-2: Foul Ball, location: 2F
1-2: Ground out 5-3 (Groundball, 56S)
Batting: RHB Reece White 0-0: Called Strike
0-1: Ball
1-1: Swinging Strike
1-2: Fly out, F9 (Flyball, 89M)
Batting: LHB Bobby Moore 0-0: Ball
1-0: Ball
2-0: Foul Ball, location: 2F
2-1: Ground out U3 (Groundball, 3)
Bottom of the 8th over - 0 run(s), 0 hit(s), 0 error(s), 0 left on base; Springfield 9 - Sun Prairie 3
TOP OF THE 9TH
Springfield Shooters batting - Pitching for Sun Prairie Swallows : RHP Clarence Lee
Pitching: RHP Josh Parker
Batting: RHB Roy Herring 0-0: Called Strike
0-1: Fly out, F6 (Line Drive, 6)
Batting: RHB Randy Galloway 0-0: DOUBLE (Line Drive, 7LS)
Batting: SHB Eugene Bentley 0-0: Called Strike
0-1: Foul Ball, location: 2F
0-2: Strikes out swinging
Batting: RHB Lee Charles 0-0: Called Strike
0-1: Ball
1-1: Ball
2-1: Swinging Strike
2-2: Foul Ball, location: 2F
2-2: Fly out, F8 (Flyball, 8RXD)
Top of the 9th over - 0 run(s), 1 hit(s), 0 error(s), 1 left on base; Springfield 9 - Sun Prairie 3
BOTTOM OF THE 9TH
Sun Prairie Swallows batting - Pitching for Springfield Shooters : RHP Jim Unknown
Pitching: RHP Jim Unknown
Batting: RHB José Silva 0-0: Ball
1-0: Foul Ball, location: 2F
1-1: Ball
2-1: Ball
3-1: Foul Ball, location: 2F
3-2: Base on Balls
Batting: RHB Matías Torrella 0-0: Ball
1-0: Swinging Strike
1-1: Ball
2-1: Foul Ball, location: 2F
2-2: Grounds into double play, 6-4-3 (Groundball, 6)
Batting: RHB Luis Tapia 0-0: Called Strike
0-1: Ground out 5-3 (Groundball, 5S)
Bottom of the 9th over - 0 run(s), 0 hit(s), 0 error(s), 0 left on base; Springfield 9 - Sun Prairie 3
This league is powered by Out of the Park Baseball, the baseball management simulation game for PC, Mac and Linux
Friday, July 8th, 2016 - OOTP Baseball 16.9 Build 39